 Dungeon Crawl Stone Soup version 0.27.1-34-g3ba077fa99 (webtiles) character file.

Game seed: 16197791791994912845

361 comborobin the Covert (level 6, -1/36 HPs)
             Began as a Vampire Delver on Jan 5, 2022.
             Shot with an arrow by a centaur (2 damage)
             ... on level 7 of the Dungeon.
             The game lasted 00:06:02 (974 turns).

comborobin the Covert (Vampire Delver)               Turns: 974, Time: 00:06:03

Health: -1/36      AC:  4    Str: 11      XL:     6   Next: 38%
Magic:  6/6        EV: 12    Int: 12      God:
Gold:   38         SH:  0    Dex: 17 (18) Spells: 5/5 levels left

rFire    . . .     SeeInvis +   b - +0 great sword
rCold    . . .     Faith    .   (shield currently unavailable)
rNeg     . . .     Spirit   .   l - +0 troll leather armour
rPois    .         Reflect  .   (no helmet)
rElec    .         Harm     .   (no cloak)
rCorr    .         Rampage  .   (no gloves)
Will     .....                  (no boots)
Stlth    ++++......             (no amulet)
HPRegen  1.32/turn              (no ring)
MPRegen  0.10/turn              (no ring)

@: healing quickly
A: alive, fangs 3, see invisible, vampiric 2, [frail 2]
a: Exsanguinate


You were on level 7 of the Dungeon.
You visited 1 branch of the dungeon, and saw 4 of its levels.

You collected 38 gold pieces.

Inventory:

Hand Weapons
 a - a +0 short sword
 b - a +0 great sword (weapon)
 i - a +0 short sword
 o - a +0 dagger
Armour
 h - a +3 chain mail
 k - a +0 leather armour
 l - a +0 troll leather armour (worn)
Wands
 g - a wand of digging (8)
Scrolls
 c - a scroll of fog
 d - a scroll of magic mapping
 e - 3 scrolls of fear
 f - a scroll of identify {unknown}
 j - a scroll of enchant armour {unknown}
 m - a scroll of noise {unknown}
 n - a scroll of acquirement {unknown}


   Skills:
 - Level 2.6 Fighting
 + Level 5.5 Short Blades
 - Level 2.1 Dodging
 + Level 10.1 Stealth


You had 5 spell levels left.
You didn't know any spells.
Your spell library contained the following spells:

 Spells                   Type           Power      Damage    Failure   Level
 Animate Skeleton         Necr           0%         N/A       41%         1
 Apportation              Tloc           0%         N/A       41%         1
 Corona                   Hex            0%         N/A       41%         1
 Summon Small Mammal      Summ           0%         N/A       41%         1


Dungeon Overview and Level Annotations

Branches:
Dungeon (8/15)
 Temple: D:4-7         Lair: D:8-11

Altars:

Shops:
D:6 (


Innate Abilities, Weirdness & Mutations

Your natural rate of healing is accelerated.
You have razor-sharp teeth.
You have supernaturally acute eyesight. (SInv)
You are afflicted with vampirism and can become a bat while bloodless.
[You are very frail. (-20% HP)]


Message History

You open the door.
There is an open door here.
You open the door.
Found a glaive.
There is an open door here.
You open the door.
There is an open door here.
There is an open door here.
There is an open door here.
There is an open door here.
You see here 20 poisoned darts.
There is an open door here.
A scorpion comes into view.
A scorpion is nearby!
There is an open door here.
You see here a +0 great sword.
o - a +0 great sword
Okay, then.
Adjust (i)tems, (s)pells, or (a)bilities?
o - a +0 great sword Adjust to which letter? (? for menu, Esc to quit)
b - a +0 great sword;
o - a +0 dagger
There is an open door here.
Found a metallic black potion.
A centaur comes into view.
b - a +0 great sword (weapon)
The centaur shouts!
The centaur wields a +1 shortbow of flaming.
It bursts into flame!
The centaur shoots an arrow.
The arrow hits you! The arrow burns you.
The centaur shoots an arrow.
The arrow misses you.
The centaur shoots an arrow.
The arrow hits you! The arrow burns you.
The centaur shoots an arrow.
The arrow hits you!
* * * LOW HITPOINT WARNING * * *
The arrow burns you.
* * * LOW HITPOINT WARNING * * *
The centaur shoots an arrow.
The arrow hits you!
* * * LOW HITPOINT WARNING * * *
The arrow burns you.
You die...

# #######'##...# #
#.##...# #
###########.######
### #...........#
..#
#.###############
#'######
#.#..............
.......#
#.#.######.......
.......# #.#.#
....... .......#
#.#@# .......
.......# #.#.#
....... .......#
#.#.# ..s....
.......# #.#.#
....... .......#
#.#.# .......
.......#
#.#.#######.!...
.)...#####
#.#.c.....c..#
###......#
#.........##.#
.###.....#
#.........#


You could see a centaur.

Vanquished Creatures
  A troll (D:7)
  A centaur (D:7)
  A bullfrog (D:7)
  6 orcs (D:7)
9 creatures vanquished.

Notes
Turn   | Place    | Note
-------+----------+-------------------------------------------
     0 | D:5      | comborobin the Vampire Delver began the quest for the Orb.
     0 | D:5      | Reached XP level 1. HP: 17/17 MP: 1/1
    59 | D:6      | Found Fyco's Antique Weapon Shoppe.
   224 | D:7      | Reached XP level 2. HP: 15/23 MP: 2/2
   333 | D:7      | Noticed a bullfrog
   343 | D:7      | Noticed a troll
   347 | D:7      | Killed a bullfrog
   348 | D:7      | Reached skill level 8 in Stealth
   348 | D:7      | Gained mutation: You are afflicted with vampirism and can
                  | become a bat while bloodless. [Vampire growth]
   348 | D:7      | Reached XP level 3. HP: 22/22 MP: 3/3
   348 | D:7      | Reached XP level 4. HP: 27/27 MP: 4/4
   491 | D:7      | Killed a troll
   492 | D:7      | Reached skill level 5 in Short Blades
   492 | D:7      | Reached skill level 9 in Stealth
   492 | D:7      | Reached XP level 5. HP: 27/27 MP: 5/5
   492 | D:7      | Reached XP level 6. HP: 32/32 MP: 6/6
   581 | D:7      | Reached skill level 10 in Stealth
   974 | D:7      | HP: 1/36 [centaur/arrow (7)]
   974 | D:7      | Shot with an arrow by a centaur

Illustrated notes

Levels and vault maps discovered:
D:5:      layout_rooms, mainiacjoe_overflow_cross_hatched, uniq_eustachio,
          uniq_prince_ribbit1
D:6:      layout_loops_ring, biasface_ghost_orc_armoury, serial_shops, shop,
          uniq_maggie
D:7:      layout_basic, minmay_misc_feat_square, chequers_serial_rivers_small_3
D:8:      hangedman_cross_veins, layout_basic, grunt_lair_entry_orc_guard_hut,
          chequers_big_river

Skill      XL: |  1  2  3  4  5  6 |
---------------+-------------------+-----
Short Blades   | 3 5 |  5.5
Stealth        | 8 9 10 | 10.1
Fighting       | |  2.6
Dodging        | |  2.1

Action                   |  1- 3 |  4- 6 || total
-------------------------+-------+-------++-------
Melee: Short sword       |    22 |    10 ||    32
       Dagger            |     5 |     1 ||     6
       Bite              |     3 |     1 ||     4
 Abil: Exsanguinate      |     1 |     1 ||     2
       Revivify          |       |     2 ||     2
       Bat Form          |       |     1 ||     1
  Use: Potion            |       |     1 ||     1
 Stab: Sleeping          |     1 |     1 ||     2
Armor: Leather armour    |     4 |       ||     4
       Troll leather arm |       |     7 ||     7
Dodge: Dodged            |     9 |     9 ||    18
